 Dungeon Crawl Stone Soup version 0.19.1 (webtiles) character file.

2697 zeroDi the Covert (level 9, -8/43 HPs)
             Began as a Vine Stalker Assassin on Dec 11, 2016.
             Mangled by an orc warrior
             ... wielding a +0 trident
              (13 damage)
             ... on level 7 of the Dungeon.
             The game lasted 00:30:49 (5948 turns).

zeroDi the Covert (Vine Stalker Assassin)           Turns: 5948, Time: 00:30:50

Health: -8/43      AC:  4    Str: 14    XL:     9   Next: 65%
Magic:  0/10       EV: 16    Int: 11    God:
Gold:   348        SH:  0    Dex: 22    Spells: 0 memorised, 8 levels left

rFire  . . .     SeeInvis +     a - +3 dagger
rCold  . . .     Gourm    .     O - +0 robe {MR+}
rNeg   . . .     Faith    .     (no shield)
rPois  .         Spirit   +     I - +0 helmet
rElec  .         Reflect  .     C - +0 cloak
rCorr  .         Harm     .     (no gloves)
MR     ++...                    (no boots)
Stlth  +++++.....               (no amulet)
                                p - +3 ring of dexterity
                                m - ring of see invisible

@: drained
A: fangs 3, regeneration 1, magic shield, antimagic bite, no device heal 3, rot
immunity
a: no special abilities


You were on level 7 of the Dungeon.
You were very hungry.

You visited 1 branch of the dungeon, and saw 7 of its levels.

You collected 348 gold pieces.


Innate Abilities, Weirdness & Mutations

You have razor-sharp teeth.
Your natural rate of healing is unusually fast.
When hurt, damage is shared between your health and your magic reserves.
Your bite disrupts and absorbs the magic of your enemies.
Potions and wands cannot restore your health.
You are immune to rotting.


   Skills:
 + Level 2.6 Fighting
 * Level 8.5(8.4) Short Blades
 - Level 1.7 Throwing
 + Level 4.8(4.7) Dodging
 - Level 10.0(9.9) Stealth


You had 8 spell levels left.
You didn't know any spells.

Inventory:

Hand Weapons
 a - a +3 dagger (weapon)
 b - a +0 blowgun
 F - a cursed -1 whip
Missiles
 e - 19 poisoned needles
 M - 4 tomahawks (quivered)
Armour
 c - a +0 robe
 d - a +0 cloak
 C - a +0 cloak (worn)
 G - a +3 leather armour of poison resistance
 I - a +0 helmet (worn)
 O - a +0 robe of magic resistance (worn)
Jewellery
 m - a ring of see invisible (left hand)
 p - a +3 ring of dexterity (right hand)
Wands
 t - a wand of enslavement (17/24)
 L - a wand of disintegration (14/24)
 N - a wand of random effects (26/48)
Scrolls
 o - a scroll of immolation {!r}
 r - 3 scrolls of identify {@r1}
 s - 3 scrolls of fear
 v - a scroll of remove curse
 y - 3 scrolls of enchant weapon
 A - 2 scrolls of teleportation {@r4}
 D - a scroll of recharging
 E - a scroll of magic mapping {unknown}
Potions
 h - 2 potions of curing {unknown}
 j - 3 potions of haste {unknown}
 k - 2 potions of degeneration {unknown}
 l - 3 potions of lignification {unknown}
 n - 2 potions of resistance {unknown}
 q - 3 potions of magic
 u - 2 potions of cancellation {unknown}
 w - a potion of might {unknown}
 z - a potion of mutation {unknown}
 B - 3 potions of flight {unknown}
 J - 2 potions of brilliance {unknown}
 K - 2 potions of heal wounds {unknown}
Comestibles
 g - 3 bread rations
 i - 2 beef jerkies
 x - a royal jelly
 H - 3 fruits

Dungeon Overview and Level Annotations

Branches:
Dungeon (7/15)
 Temple: D:4-7

Altars:
Cheibriados
Gozag
Hepliaklqana
Nemelex Xobeh
Okawaru
Sif Muna
Trog
Zin
The Shining One

Shops:
D:6

: .............##
....###.......### #####
....####........ .....
..............####....
..............##...%. .
..#..........##...# ...
.#####.......#...###....
. ####............... #
###....#@).).#.
#...##.o_..#
#....#.)().#
#.............
#..#...###...# ##.##...#
..## #.###... ## ###


You could see an orc warrior.


Message History

The orc priest is severely wounded.
You hit the orc priest but do no damage.
The orc priest is severely wounded.
The orc priest hits you with a flail!
* * * LOW HITPOINT WARNING * * *
The orc warrior hits you but does no damage.
You puncture the orc priest!
You kill the orc priest!
The orc warrior looks more healthy.
The orc warrior hits you but does no damage.
Items here: )) [ † a flail; a leather armour; a club; an orc corpse You hit the orc warrior but do no damage.
You bite the orc warrior, but do no damage.
The orc warrior is almost dead.
You hit the orc warrior but do no damage.
You bite the orc warrior, but do no damage.
The orc warrior is almost dead.
The orc warrior hits you with a trident!
You die...

Action                   |  1- 3 |  4- 6 |  7- 9 || total
-------------------------+-------+-------+-------++-------
Melee: Dagger            |    81 |    99 |   343 ||   523
       Bite              |    23 |    37 |   124 ||   184
 Fire: Blowgun           |       |     3 |    10 ||    13
Throw: Tomahawk          |       |     3 |     7 ||    10
  Use: Scroll            |       |     4 |     8 ||    12
 Stab: Sleeping          |    12 |    13 |    14 ||    39
       Distracted        |       |       |     1 ||     1
  Eat: Chunk             |     1 |     6 |     8 ||    15
Armor: Robe              |    28 |    14 |    11 ||    53
       Leather armour    |       |       |    26 ||    26
Dodge: Dodged            |    54 |    35 |   148 ||   237

Vault maps used:
D:1:      elethiomel_arrival_infinity_welcomes_careful_drivers,
          minmay_misc_feat_encased, nemelex_altar_shiori
D:2:      first_bread, ecumenical_altar_1
D:3:      zin_angel, uniq_sigmund
D:4:      nicolae_overflow_crystal_walls, lightli_temple_of_fire,
          minmay_misc_feat_columns, uniq_edmund, uniq_crazy_yiuf_cottage,
          uniq_eustachio
D:5:      lemuel_round_altar, cheibriados_altar_1, nicolae_gozag_seed_capital,
          minmay_misc_feat_doors
D:6:      lemuel_doored_altar, serial_shops, shop, kennysheep_dice, uniq_pikel
D:7:      okawaru_ov_weapons_minmay, grunt_livestock, uniq_menkaure

Notes
Turn   | Place    | Note
-------+----------+-------------------------------------------
     0 | D:1      | zeroDi the Vine Stalker Assassin began the quest for the Orb.
     0 | D:1      | Reached XP level 1. HP: 11/11 MP: 2/2
    75 | D:1      | Reached skill level 2 in Fighting
   168 | D:1      | Found a sparkling altar of Nemelex Xobeh.
   269 | D:1      | Reached XP level 2. HP: 16/16 MP: 3/3
   375 | D:1      | Reached skill level 5 in Stealth
   590 | D:1      | Reached skill level 2 in Short Blades
  1087 | D:2      | Reached XP level 3. HP: 19/19 MP: 4/4
  1156 | D:2      | Found a faded altar of an unknown god.
  1360 | D:2      | Gained mutation: Your natural rate of healing is unusually fast. [Vine Stalker growth]
  1360 | D:2      | Reached XP level 4. HP: 16/23 MP: 3/5
  1370 | D:2      | Reached skill level 6 in Stealth
  1403 | D:2      | Reached skill level 1 in Dodging
  1765 | D:2      | Reached skill level 3 in Short Blades
  1765 | D:2      | Reached XP level 5. HP: 27/27 MP: 4/6
  2255 | D:3      | Noticed Sigmund
  2272 | D:3      | Killed Sigmund
  2272 | D:3      | Reached skill level 4 in Short Blades
  2272 | D:3      | Reached skill level 2 in Dodging
  2272 | D:3      | Reached XP level 6. HP: 31/31 MP: 7/7
  2867 | D:3      | Reached skill level 7 in Stealth
  2955 | D:3      | Found a glowing silver altar of Zin.
  2955 | D:3      | Noticed an angel
  3093 | D:4      | Noticed Edmund
  3125 | D:4      | Killed Edmund
  3125 | D:4      | Reached XP level 7. HP: 19/35 MP: 4/8
  3229 | D:4      | Found a glowing golden altar of the Shining One.
  3256 | D:4      | Noticed Eustachio
  3258 | D:4      | Killed Eustachio
  3258 | D:4      | Reached skill level 5 in Short Blades
  3570 | D:4      | Found a bloodstained altar of Trog.
  3714 | D:4      | Reached skill level 3 in Dodging
  3739 | D:4      | Reached skill level 8 in Stealth
  3792 | D:4      | Gained mutation: You have razor-sharp teeth. [Vine Stalker growth]
  3792 | D:4      | Reached XP level 8. HP: 39/39 MP: 9/9
  4163 | D:4      | Found a runed door.
  4209 | D:4      | Noticed Crazy Yiuf
  4219 | D:4      | Killed Crazy Yiuf
  4219 | D:4      | Reached skill level 6 in Short Blades
  4261 | D:5      | Entered Level 5 of the Dungeon
  4269 | D:5      | Found a deep blue altar of Sif Muna.
  4433 | D:5      | Found a snail-covered altar of Cheibriados.
  4671 | D:5      | Found an opulent altar of Gozag.
  5083 | D:6      | Reached skill level 7 in Short Blades
  5083 | D:6      | Reached skill level 4 in Dodging
  5083 | D:6      | Reached skill level 9 in Stealth
  5156 | D:6      | Reached XP level 9. HP: 32/43 MP: 10/10
  5208 | D:6      | Noticed Pikel
  5239 | D:6      | Killed Pikel
  5343 | D:6      | Found a hazy altar of Hepliaklqana.
  5369 | D:6      | Found Wuing's Book Shop.
  5408 | D:6      | Reached skill level 8 in Short Blades
  5604 | D:6      | Reached skill level 10 in Stealth
  5917 | D:7      | Found an iron altar of Okawaru.
  5944 | D:7      | HP: 4/43 [orc priest/flail (7)]
  5948 | D:7      | Mangled by an orc warrior

Vanquished Creatures
  Pikel (D:6)
  Sigmund (D:3)
  Eustachio (D:4)
  Edmund (D:4)
  A black bear (D:6)
  2 ogres
  An ice beast (D:6)
  An orc warrior (D:6)
  2 slaves (D:6)
  A sky beast (D:6)
  A centaur (D:5)
  A bullfrog (D:6)
  2 scorpions (D:5)
  3 wights (D:6)
  A howler monkey (D:4)
  3 crimson imps (D:6)
  4 hounds
  3 centaur skeletons
  8 orc priests
  Crazy Yiuf (D:4)
  4 worker ants
  2 iguanas
  4 gnolls (D:2)
  6 adders
  2 shadow imps
  An adder zombie (D:5)
  An adder skeleton (D:4)
  4 worms
  2 dart slugs
  6 leopard geckos
  11 orcs
  3 ball pythons
  6 giant cockroaches
  4 goblins
  2 hobgoblins
  3 jackals (D:2)
  6 kobolds
  A quokka (D:5)
  11 bats
  2 frilled lizards (D:2)
  A jackal zombie (D:5)
  A leopard gecko skeleton (D:5)
  2 quokka skeletons (D:4)
  10 rats
134 creatures vanquished.

Vanquished Creatures (others)
  A slave (D:6)
  A hound (D:6)
2 creatures vanquished.

Grand Total: 136 creatures vanquished
